 Dungeon Crawl Stone Soup version 0.30-a0-7-g94fe547ab8 (webtiles) character file.

Game seed: 981139788124765853

13722 Nedwor the Slicer (level 11, -12/87 HPs)
             Began as a Demonspawn Gladiator on Aug 23, 2022.
             Was a High Priest of Uskayaw.
             Mangled by a large slime creature (21 damage)
             ... on level 12 of the Dungeon.
             The game lasted 00:26:18 (14063 turns).

Nedwor the Slicer (Demonspawn Gladiator)           Turns: 14063, Time: 00:26:19

Health: -12/87     AC: 27    Str: 19    XL:     11   Next: 79%
Magic:  17/17      EV: 13    Int: 12    God:    Uskayaw [*****.]
Gold:   378        SH:  0    Dex: 18    Spells: 10/10 levels left

rFire   . . .      SeeInvis .    f - +2 dagger (vamp)
rCold   + . .      Faith    .    (no shield)
rNeg    . . .      Spirit   .    E - +2 plate armour {rPois}
rPois   +          Reflect  .    G - +1 helmet {Int+3}
rElec   .          Harm     .    D - +0 cloak
rCorr   .          Rampage  .    i - +0 pair of fencer's gloves {Riposte Dex+3}
Will    .....                    o - +0 pair of boots
Stlth   ..........               (no amulet)
HPRegen 0.24/turn                n - ring of protection from cold
MPRegen 0.15/turn                e - +4 ring of evasion

@: sanguine armoured, studying Invocations
A: powered by death 2, spiny 1, sanguine armour 1, demonic touch 1
a: Renounce Religion, Stomp, Line Pass, Grand Finale


You were on level 12 of the Dungeon.
You worshipped Uskayaw.
Uskayaw was aware of your devotion.
You visited 2 branches of the dungeon, and saw 13 of its levels.

You collected 933 gold pieces.
You spent 555 gold pieces at shops.

Inventory:

Hand Weapons
 f - a +2 vampiric dagger (weapon)
 x - a +7 short sword of chaos
Armour
 i - the +0 pair of fencer's gloves (worn) {Riposte Dex+3}
   (You acquired it on level 2 of the Dungeon)

   It allows the wearer to riposte with melee weapons, swiftly retaliating
   against missed or blocked melee attacks.
   Dex:       It affects your dexterity (+3).
 o - a +0 pair of boots (worn)
 D - a +0 cloak (worn)
 E - a +2 plate armour of poison resistance (worn)
 G - a +1 helmet of intelligence (worn)
Jewellery
 e - a +4 ring of evasion (right hand)
 m - a ring of protection from cold
 n - a ring of protection from cold (left hand)
 s - a +6 ring of dexterity
 z - a ring of fire
Wands
 a - a wand of mindburst (11)
 t - a wand of roots (19)
 u - a wand of quicksilver (2)
 v - a wand of charming (13)
 w - a wand of flame (11)
Scrolls
 l - a scroll of enchant armour
 p - 3 scrolls of butterflies
 y - 4 scrolls of identify
 A - 2 scrolls of magic mapping
 C - 2 scrolls of teleportation
Potions
 b - a potion of brilliance
 c - a potion of heal wounds
 d - 5 potions of flight
 g - a potion of magic
 h - 2 potions of mutation
 j - 6 potions of curing
 k - 2 potions of haste
 q - a potion of degeneration {unknown}
 r - 2 potions of invisibility
 B - a potion of lignification


   Skills:
 + Level 8.4 Fighting
 * Level 11.1 Short Blades
 - Level 1.7 Throwing
 + Level 7.4 Armour
 + Level 8.1 Dodging
 + Level 8.6 Invocations


You had 10 spell levels left.
You didn't know any spells.
Your spell library contained the following spells:

 Spells                   Type           Power      Damage    Failure   Level
 Freeze                   Ice            0%         1d3       100%        1
 Slow                     Hex            0%         N/A       100%        1
 Ensorcelled Hibernation  Hex/Ice        0%         N/A       100%        2
 Passwall                 Tmut/Erth      0%         N/A       100%        2
 Confusing Touch          Hex            0%         N/A       100%        3
 Conjure Flame            Conj/Fire      0%         6-21      100%        3
 Frozen Ramparts          Ice            0%         1d1       100%        3
 Ignite Poison            Fire/Tmut/Pois 0%         N/A       100%        3
 Inner Flame              Hex/Fire       0%         N/A       100%        3
 Spider Form              Tmut/Pois      0%         N/A       100%        3
 Swiftness                Air            0%         N/A       100%        3
 Vampiric Draining        Necr           0%         2d6       100%        3
 Anguish                  Hex/Necr       0%         N/A       100%        4
 Cause Fear               Hex            0%         N/A       100%        4
 Hailstorm                Conj/Ice       0%         3d3       100%        4
 Petrify                  Tmut/Erth      0%         N/A       100%        4
 Sticky Flame             Conj/Fire      0%         2d3       100%        4
 Fireball                 Conj/Fire      0%         3d3       100%        5
 Iskenderun's Battlesphe  Conj           0%         2d6       100%        5
 Metabolic Englaciation   Hex/Ice        0%         N/A       100%        5
 Conjure Ball Lightning   Conj/Air       0%         3x3d6     100%        6
 Statue Form              Tmut/Erth      0%         N/A       100%        6
 Orb of Destruction       Conj           0%         9d5       100%        7
 Discord                  Hex            0%         N/A       100%        8


Dungeon Overview and Level Annotations

Branches:
Dungeon (12/15)            Temple (1/1) D:6            Lair (0/5) D:9
    Orc (0/2) D:11

Altars:
Ashenzari
Cheibriados
Gozag
Kikubaaqudgha
Makhleb
Nemelex Xobeh
Okawaru
Qazlal
Ru
Sif Muna
Trog
Uskayaw
Wu Jian
Xom
Yredelemnul

Shops:
D:11 [


Innate Abilities, Weirdness & Mutations

You regenerate health from kills.
You are partially covered in sharp spines.
When seriously injured, your blood forms armour. (AC +6)
Your touch may inflict minor irresistible damage on your foes.


Message History

The large slime creature completely misses you.
You can now merge with and destroy a victim.
You hit the large slime creature.
You feel better.
The large slime creature is severely wounded.
You barely miss the large slime creature.
The large slime creature is severely wounded.
The large slime creature hits you but does no damage.
The large slime creature barely misses you.
You hit the large slime creature.
You feel better.
The large slime creature is severely wounded.
You hit the large slime creature.
The large slime creature is severely wounded.
The large slime creature hits you but does no damage.
The large slime creature hits you.
* * * LOW HITPOINT WARNING * * *
You barely miss the large slime creature.
The large slime creature is severely wounded.
The large slime creature is no longer sharing its pain.
Unknown command.
You hit the large slime creature but do no damage.
Your touch misses the large slime creature.
The large slime creature is severely wounded.
The large slime creature is struck by your spines.
The large slime creature barely misses you.
The large slime creature hits you but does no damage.
You hit the large slime creature.
You touch the large slime creature!
The large slime creature is almost dead.
You hit the large slime creature.
You feel better.
The large slime creature is almost dead.
The large slime creature hits you!
* * * LOW HITPOINT WARNING * * *
The large slime creature is struck by your spines.
The large slime creature hits you but does no damage.
You hit the large slime creature.
You feel better.
The large slime creature is almost dead.
You barely miss the large slime creature.
The large slime creature is almost dead.
The large slime creature is struck by your spines.
The large slime creature hits you!!
You die...

##### ....# ..#.# ##
#.#.# . #.#.#
#.#.#.###########
#.#.#J#.#.........#
#....J@.#.#######.#
###.#.###.#######.#
#.#.#.# #.##....#.# #
#.#.#.###.##.##.#.# #. #
#.......#.##.##.#.#
.##.#.#.#.#.#.#.##.##.#.#
......#.#.#.#.#.##.##.#.#
....................>...#
###
###.###.#.#.#.#.##.#..###
#..


You could see 2 large slime creatures.

Vanquished Creatures
  2 hydras (D:11)
  A boulder beetle (D:11)
  Erica (D:8)
  A two-headed ogre (D:11)
  An orc knight (D:11)
  4 komodo dragons
  5 trolls
  Grinder (D:5)
  4 hornets
  2 slime creatures (D:12)
  A shadow (D:11)
  2 wraiths (D:12)
  A steam dragon (D:5)
  2 wyverns (D:9)
  4 yaks (D:11)
  2 basilisks (D:9)
  A swamp worm (shapeshifter) (D:12)
  2 vampire mosquitoes (D:7)
  2 acid dragons (D:9)
  3 water moccasins
  2 ice beasts (D:5)
  Duvessa (D:6)
  4 orc warriors
  2 black bears
  2 ogres (D:4)
  A centaur (D:11)
  A necrophage (D:4)
  4 bullfrogs
  A gnoll sergeant (D:4)
  7 scorpions
  11 wights
  Dowan (D:6)
  14 killer bees
  3 howler monkeys (D:8)
  8 orc priests
  5 hounds
  A gnoll bouda (D:9)
  3 iguanas
  5 orc wizards
  25 gnolls
  10 adders
  2 shadow imps
  An ufetubus (D:5)
  3 worms (D:4)
  A dart slug (D:2)
  38 orcs
  4 bats
  8 endoplasms
  5 giant cockroaches
  A goblin (D:1)
  10 hobgoblins
  3 quokkas
  6 ball pythons
  2 frilled lizards
  10 kobolds
  6 rats
253 creatures vanquished.

Notes
Turn   | Place    | Note
-------+----------+-------------------------------------------
     0 | D:1      | Nedwor the Demonspawn Gladiator began the quest for the
                  | Orb.
     0 | D:1      | Reached XP level 1. HP: 16/16 MP: 1/1
   315 | D:1      | Gained mutation: When seriously injured, your blood forms
                  | armour. (AC +6) [demonic ancestry]
   315 | D:1      | Reached XP level 2. HP: 22/22 MP: 2/2
   623 | D:2      | Reached skill level 3 in Short Blades
   786 | D:2      | Reached XP level 3. HP: 24/28 MP: 3/3
   792 | D:2      | Found a faded altar of an unknown god.
   827 | D:2      | Reached skill level 1 in Armour
   959 | D:2      | Identified a scroll of acquirement
   959 | D:2      | Acquired the +0 pair of fencer's gloves {Riposte Dex+3}
   959 | D:2      | Found the +0 pair of fencer's gloves {Riposte Dex+3}
  1006 | D:2      | Reached XP level 4. HP: 25/34 MP: 4/4
  1852 | D:3      | Gained mutation: You regenerate a little health from kills.
                  | [demonic ancestry]
  1852 | D:3      | Reached XP level 5. HP: 40/40 MP: 5/5
  1873 | D:3      | Reached skill level 4 in Short Blades
  2193 | D:3      | Found a shimmering blue altar of Sif Muna.
  2552 | D:3      | Identified the +8 mace "Vaczoddy" {vorpal, rPois rCorr
                  | Int+4 Stlth-}
  2780 | D:3      | Found a basalt altar of Yredelemnul.
  3237 | D:4      | Identified the +9 mace of Caxohu {vorpal, rElec rN+ Str+4
                  | Dex+2}
  3249 | D:4      | Gained mutation: You are partially covered in sharp spines.
                  | [demonic ancestry]
  3249 | D:4      | Reached XP level 6. HP: 46/47 MP: 6/6
  3328 | D:4      | Identified the +1 chain mail of Quiescent Leaves {Str+3
                  | Int+3}
  3397 | D:4      | Reached skill level 5 in Short Blades
  3413 | D:4      | Gained mutation: You regenerate health from kills. [demonic
                  | ancestry]
  3413 | D:4      | Reached XP level 7. HP: 52/53 MP: 7/7
  4088 | D:5      | Entered Level 5 of the Dungeon
  4222 | D:5      | Found a sacrificial altar of Ru.
  4297 | D:5      | Reached skill level 6 in Short Blades
  4297 | D:5      | Reached XP level 8. HP: 51/61 MP: 8/8
  4672 | D:5      | Reached skill level 5 in Dodging
  4800 | D:5      | Noticed Grinder
  4846 | D:5      | Killed Grinder
  4847 | D:5      | Reached skill level 5 in Fighting
  4957 | D:5      | Reached skill level 7 in Short Blades
  5271 | D:5      | Reached XP level 9. HP: 68/68 MP: 9/9
  5704 | D:6      | Noticed Dowan
  5705 | D:6      | Noticed Duvessa
  5770 | D:6      | Killed Duvessa
  5774 | D:6      | Killed Dowan
  5911 | D:6      | Reached skill level 5 in Armour
  5927 | D:6      | Found a staircase to the Ecumenical Temple.
  5950 | Temple   | Entered the Ecumenical Temple
  5959 | Temple   | Became a worshipper of Uskayaw the Reveller
  6009 | D:6      | Reached * piety under Uskayaw
  6011 | D:6      | Reached skill level 8 in Short Blades
  6013 | D:6      | Reached ** piety under Uskayaw
  6208 | D:7      | Reached *** piety under Uskayaw
  6209 | D:7      | Reached skill level 1 in Invocations
  6769 | D:7      | Found an ancient bone altar of Kikubaaqudgha.
  7161 | D:7      | Reached **** piety under Uskayaw
  8843 | D:8      | Gained mutation: Your touch may inflict minor irresistible
                  | damage on your foes. [demonic ancestry]
  8843 | D:8      | Reached XP level 10. HP: 73/77 MP: 12/12
  9116 | D:8      | Reached skill level 9 in Short Blades
  9427 | D:8      | Noticed Erica
  9457 | D:8      | Killed Erica
 10813 | D:9      | Reached skill level 5 in Invocations
 10857 | D:9      | Reached ***** piety under Uskayaw
 11018 | D:9      | Found a staircase to the Lair.
 11039 | D:9      | Reached skill level 10 in Short Blades
 11194 | D:10     | Entered Level 10 of the Dungeon
 11205 | D:10     | Found an ornate altar of the Wu Jian Council.
 11331 | D:10     | Reached XP level 11. HP: 74/84 MP: 15/15
 12174 | D:11     | Acquired a manual of Invocations
 12184 | D:11     | Noticed a six-headed hydra
 12194 | D:11     | Killed a six-headed hydra
 12399 | D:11     | Found a staircase to the Orcish Mines.
 12399 | D:11     | Found Oco Osem's Armour Emporium.
 12410 | D:11     | Noticed an orc knight
 12423 | D:11     | Killed an orc knight
 12428 | D:11     | Noticed a four-headed hydra
 12447 | D:11     | Killed a four-headed hydra
 12628 | D:11     | Noticed a boulder beetle
 12674 | D:11     | Killed a boulder beetle
 12691 | D:11     | Bought a +2 plate armour of poison resistance for 555 gold
                  | pieces
 12831 | D:11     | Noticed a two-headed ogre
 12842 | D:11     | Killed a two-headed ogre
 13716 | D:12     | Reached skill level 11 in Short Blades
 14063 | D:12     | Mangled by a large slime creature

Illustrated notes

Levels and vault maps discovered:
D:1:      nicolae_arrival_washed_ashore, layout_rooms, minmay_hexomino_f4
D:2:      layout_rooms, chequers_ecumenical_altar_simple,
          nicolae_underground_beach
D:3:      layout_basic, mainiacjoe_overflow_cross_hatched,
          mainiacjoe_overflow_alcove_2
D:4:      layout_loops_ring, corexii_hall_statues_i, lightli_minifort
D:5:      layout_loops_cross, nicolae_ru_great_annihilating_truth, st_stairs_11,
          uniq_grinder
D:6:      layout_gridville, minmay_temple_entry_arrows, uniq_duvessa
D:7:      layout_loops_corners, kiku_gazebo_pond_becter
D:8:      nicolae_cairo_tiling_very_big, layout_basic, uniq_erica
D:9:      layout_small_grid, mainiacjoe_overflow_chevrons, erik_lair_dragon,
          serial_park_tiny_2
D:10:     cheibrodos_elevator_heist, layout_gridville,
          mainiacjoe_overflow_alcove_1
D:11:     layout_long_grid, orc_david_3, minmay_misc_feat_pillars
D:12:     layout_basic, portal_ice_cave_entry_ice_simulacra
Temple:   compressed_dpeg_triangle_lava_temple

Skill      XL: |  1  2  3  4  5  6  7  8  9 10 11 |
---------------+----------------------------------+-----
Short Blades   | 3 4 5 6 7 8 10 11 | 11.1
Dodging        | 3 4 5 6 7 8 |  8.1
Armour         | 1 2 3 4 5 6 7 |  7.4
Fighting       | 3 4 5 6 7 8 |  8.4
Invocations    | 3 5 8 |  8.6
Throwing       | |  1.7

Action                   |  1- 3 |  4- 6 |  7- 9 | 10-12 || total
-------------------------+-------+-------+-------+-------++-------
Melee: Rapier            |    99 |   174 |   200 |       ||   473
       Punch             |     1 |     2 |     9 |     7 ||    19
       Dagger            |       |       |   176 |    38 ||   214
       Short sword       |       |       |    14 |   255 ||   269
       Touch             |       |       |       |    91 ||    91
Evoke: Wand              |       |       |       |     2 ||     2
  Use: Scroll            |     7 |     5 |     7 |     9 ||    28
       Potion            |     2 |     2 |     2 |     4 ||    10
 Stab: Invisible         |       |       |     1 |       ||     1
       Paralysed         |       |       |     7 |    16 ||    23
Armor: Leather armour    |     7 |       |       |       ||     7
       Chain mail        |     5 |     4 |   146 |    69 ||   224
       Plate armour      |    35 |    95 |       |    15 ||   145
Dodge: Dodged            |    43 |    69 |   185 |   137 ||   434
       Rpst.: Rapier     |     2 |    17 |    28 |       ||    47
       Dagger            |       |       |    31 |     1 ||    32
       Short sword       |       |       |     4 |    37 ||    41

Table legend: (Time is in decaauts)
 A = Elapsed time spent in this place.
 B = Non-inter-level travel time spent in this place.
 C = Inter-level travel time spent in this place.
 D = Time resting spent in this place.
 E = Time spent auto-exploring this place.
 F = Levels seen in this place.
 G = Mean time per level.
                   A        B        C        D        E       F      G
               +--------+--------+--------+--------+--------+-----+--------+
         Total |  13896 |  13431 |    465 |   4729 |   6643 |  13 | 1068.9 |
       Dungeon |  13878 |  13421 |    457 |   4729 |   6643 |  12 | 1156.5 |
        Temple |     17 |      9 |      8 |      0 |      0 |   1 |   17.0 |
               +--------+--------+--------+--------+--------+-----+--------+

Top non-repeatable levels by time:
     D:8: 2593 daAuts
    D:11: 1567 daAuts
     D:5: 1429 daAuts
     D:4: 1307 daAuts
     D:7: 1210 daAuts
     D:3: 1169 daAuts
     D:2: 1088 daAuts
     D:9: 1040 daAuts
    D:10: 895 daAuts
     D:6: 625 daAuts
     D:1: 621 daAuts
    D:12: 329 daAuts
  Temple: 17 daAuts
